 Dungeon Crawl Stone Soup version 0.21-a0-496-g696f58f (webtiles) character file.

155 noon the Charmwright (level 5, -12/41 HPs)
             Began as a Barachi Skald on Nov 23, 2017.
             Was a Follower of Kikubaaqudgha.
             Mangled by an orc warrior
             ... wielding a +0 long sword
              (16 damage)
             ... on level 3 of the Dungeon.
             The game lasted 00:23:32 (2198 turns).

noon the Charmwright (Barachi Skald)                Turns: 2198, Time: 00:23:33

Health: -12/41     AC:  4    Str: 13    XL:     5   Next: 37%
Magic:  6/8        EV: 12    Int: 13    God:    Kikubaaqudgha [*.....]
Gold:   102        SH:  0    Dex: 12    Spells: 4/8 levels left

rFire    . . .     SeeInvis .   a - +0 falchion
rCold    . . .     Gourm    .   (no shield)
rNeg     . . .     Faith    .   b - +0 leather armour
rPois    .         Spirit   .   (no helmet)
rElec    .         Reflect  .   j - +0 cloak
rCorr    .         Harm     .   (no gloves)
MR       .....                  (no boots)
Stlth    +.........             h - amulet of regeneration
HPRegen  0.53/turn              (no ring)
MPRegen  0.11/turn              (no ring)

@: infused, can't hop, slow
A: +LOS, swims, slowness 1, strong legs 1
a: Hop, Receive Corpses, Renounce Religion


You were on level 3 of the Dungeon.
You worshipped Kikubaaqudgha.
Kikubaaqudgha was aware of your devotion.
You were not hungry.

You visited 1 branch of the dungeon, and saw 3 of its levels.

You collected 102 gold pieces.

Inventory:

Hand Weapons
 a - a +0 falchion (weapon)
Missiles
 e - 75 stones (quivered)
 l - 22 sling bullets
 o - 35 bolts
 q - 28 poisoned needles
Armour
 b - a +0 leather armour (worn)
 i - a +0 scale mail
 j - a +0 cloak (worn)
 m - a +0 ring mail
 v - a +0 chain mail
 w - a +0 chain mail
Jewellery
 h - an amulet of regeneration (around neck)
Scrolls
 g - a scroll of teleportation
 n - 2 scrolls of identify
 s - 2 scrolls of blinking {unknown}
Potions
 u - 2 potions of heal wounds {unknown}
Books
 c - a book of Battle

   Spells                             Type                      Level
   a - Infusion                       Charms                       1
   b - Shroud of Golubria             Charms/Translocation         2
   c - Song of Slaying                Charms                       2
   d - Spectral Weapon                Hexes/Charms                 3
   e - Regeneration                   Charms/Necromancy            3
 f - Kikubaaqudgha's Almanac of Unholy Rites
   (Kikubaaqudgha gifted it to you on level 2 of the Dungeon)

   Spells                             Type                      Level
   a - Pain                           Necromancy                   1
   b - Corpse Rot                     Necromancy                   2
   c - Sublimation of Blood           Necromancy                   2
   d - Regeneration                   Charms/Necromancy            3
   e - Control Undead                 Necromancy                   4
Comestibles
 d - 2 bread rations
 k - 3 meat rations
 r - 2 royal jellies
 t - 4 chunks of flesh


   Skills:
 + Level 3.4 Fighting
 + Level 3.3 Long Blades
 + Level 2.5 Armour
 + Level 3.1 Dodging
 - Level 2.1 Spellcasting
 + Level 2.0 Hexes
 + Level 3.9 Charms


You had 4 spell levels left.
You knew the following spells:

 Your Spells              Type           Power        Failure   Level  Hunger
a - Infusion              Chrm           ##..         6%          1    ##.....
b - Spectral Weapon       Hex/Chrm       #.......     26%         3    ####...


Dungeon Overview and Level Annotations

Branches:
Dungeon (3/15)

Altars:
Gozag
Kikubaaqudgha
Nemelex Xobeh
Zin

Annotations:
D:3 noon's ghost, amateur HOMo


Innate Abilities, Weirdness & Mutations

Shadows flee at your approach. (+LOS)
You can swim through water.
You cover ground slowly.
You can hop short distances.


Message History

The orc warrior is lightly wounded.
The orc warrior closely misses you.
You closely miss the orc warrior.
The orc warrior is lightly wounded.
The orc warrior hits you with a long sword.
* * * LOW HITPOINT WARNING * * *
Some of the chunks of flesh in your inventory have rotted away.
Unknown command.
Your legs are too worn out to hop.
Unknown command.
You hit the orc warrior but do no damage.
The orc warrior is lightly wounded.
The orc warrior completely misses you.
You riposte.
You barely miss the orc warrior.
The orc warrior is lightly wounded.
You barely miss the orc warrior.
The orc warrior is lightly wounded.
The orc warrior hits you with a long sword!
You die...
Kikubaaqudgha rasps: "You have failed me!
Welcome... death!"

#....#.....# #######.#.# #.#
#....#.#<#.# #.......#'###.##
#....#.#.#.###.#............#
####...#.#.#.. #............#
#..........#.# #............#
#..........#.# #.......).....
#..........#.# #####.........
#..........#.# #.............
#..........#@# #......##...##
#..........#o# #......##...##
##+##+##[#.#o###...........#.
#>.........o..............).
#.......o.......)...........
####.##...#.###.))......###.
#.######.# ######........
#o####...# #........
#....o...# #........


You could see an orc warrior and 2 orcs.

Vanquished Creatures
  An orc priest (D:3)
  A hound skeleton (D:3)
  4 adders
  3 worms
  A dart slug (D:1)
  3 leopard geckos
  10 orcs (D:3)
  2 giant cockroaches (D:3)
  5 goblins
  7 hobgoblins
  6 kobolds
  2 bats
  5 frilled lizards
  6 rats
  A fungus (D:1)
57 creatures vanquished.

Notes
Turn   | Place    | Note
-------+----------+-------------------------------------------
     0 | D:1      | noon the Barachi Skald began the quest for the Orb.
     0 | D:1      | Reached XP level 1. HP: 17/17 MP: 3/3
   159 | D:1      | Reached XP level 2. HP: 11/23 MP: 5/5
   853 | D:2      | Reached XP level 3. HP: 10/28 MP: 6/6
   865 | D:2      | Learned a level 3 spell: Spectral Weapon
  1540 | D:2      | Found a faded altar of an unknown god.
  1546 | D:2      | Became a worshipper of Kikubaaqudgha
  1546 | D:2      | Reached * piety under Kikubaaqudgha
  1546 | D:2      | Identified Kikubaaqudgha's Almanac of Unholy Rites (Kikubaaqudgha gifted it to you on level 2 of the Dungeon)
  1546 | D:2      | Received a gift from Kikubaaqudgha
  1574 | D:2      | Found a glowing silver altar of Zin.
  1575 | D:2      | Found an opulent altar of Gozag.
  1641 | D:3      | Reached skill level 1 in Hexes
  1672 | D:3      | Noticed noon's ghost (amateur HOMo)
  1733 | D:3      | Reached XP level 4. HP: 32/35 MP: 7/7
  1765 | D:3      | Found a sparkling altar of Nemelex Xobeh.
  1851 | D:3      | Reached XP level 5. HP: 17/41 MP: 8/8
  2166 | D:3      | Noticed an orc warrior
  2184 | D:3      | HP: 1/41 [orc warrior/long sword (16)]
  2198 | D:3      | Mangled by an orc warrior

Vault maps used:
D:1:      lemuel_arrival_muddy
D:2:      grunt_temple_overflow_gold_and_silver,
          chequers_ecumenical_altar_lobes, first_bread
D:3:      nicolae_overflow_crystal_walls

Skill      XL: |  1  2  3  4  5 |
---------------+----------------+-----
Fighting       | 3 |  3.4
Armour         | 2 |  2.5
Hexes          | 1 2 |  2.0
Long Blades    | 3 |  3.3
Dodging        | 3 |  3.1
Spellcasting   | |  2.1
Charms         | |  3.9

Action                   |  1- 3 |  4- 6 || total
-------------------------+-------+-------++-------
Melee: Falchion          |   147 |   101 ||   248
 Cast: Spectral Weapon   |     3 |     2 ||     5
       Infusion          |     1 |     1 ||     2
 Abil: Hop               |       |     1 ||     1
  Use: Scroll            |     2 |     1 ||     3
  Eat: Chunk             |     4 |     2 ||     6
Armor: Leather armour    |    31 |    28 ||    59
       Scale mail        |    21 |       ||    21
       Ring mail         |     1 |       ||     1
Dodge: Dodged            |    93 |    50 ||   143
       Rpst.: Falchion   |    29 |    18 ||    47

Table legend:
 A = Spawn XP
 B = Non-spawn XP
 C = Spawn XP percentage of total XP
 D = Spawn monster count
 E = Non-spawn monster count
 F = Spawn count percentage of total count
 G = Total turns spent on level
                    A         B        C        D         E        F      G
               +---------+---------+-------+---------+---------+-------+---------
         Total |       0 |     222 |   0.0 |       0 |      56 |   0.0 |  2198
               +---------+---------+-------+---------+---------+-------+---------
           D:1 |       0 |      25 |   0.0 |       0 |      15 |   0.0 |   787
           D:2 |       0 |      41 |   0.0 |       0 |      14 |   0.0 |   852
           D:3 |       0 |     156 |   0.0 |       0 |      27 |   0.0 |   559
               +---------+---------+-------+---------+---------+-------+---------
